 Dungeon Crawl Stone Soup version 0.20-a0-33-g996f6e0 (webtiles) character file.

77 Faca the Sneak (level 4, -4/26 HPs)
             Began as an Octopode Assassin on Nov 10, 2016.
             Slain by an adder (5 damage)
             ... on level 3 of the Dungeon.
             The game lasted 00:13:19 (1605 turns).

Faca the Sneak (Octopode Assassin)                  Turns: 1605, Time: 00:13:20

Health: -4/26      AC:  1    Str: 13    XL:     4   Next: 34%
Magic:  4/4        EV: 13    Int: 15    God:
Gold:   99         SH:  0    Dex: 13    Spells: 0 memorised, 3 levels left

rFire  . . .     SeeInvis .     a - +2 dagger
rCold  + + .     Gourm    .     (no shield)
rNeg   . . .     Faith    .     (helmet restricted)
rPois  .         Spirit   .     (no amulet)
rElec  .         Reflect  .     l - ring of teleportation
rCorr  .         Harm     .     h - ring of protection from cold
MR     .....     Rnd*Tele +     (no ring)
Stlth  ++++......               (no ring)
                                (no ring)
                                (no ring)
                                (no ring)
                                (no ring)

@: lethally poisoned (-4 -> -9)
A: almost no armour, stealthy swim, amphibious, 8 rings, constrict 8, camouflage
1, clever 1, cold resistance 1, frail 1, strong 1, gelatinous body 1, evolution
1, MP-powered wands
a: no special abilities


You were on level 3 of the Dungeon.
You were not hungry.

You visited 1 branch of the dungeon, and saw 3 of its levels.

You collected 99 gold pieces.

Inventory:

Hand Weapons
 a - a +2 dagger (weapon)
 b - a +0 blowgun
Missiles
 c - 37 poisoned needles (quivered)
 d - 2 curare-tipped needles
Jewellery
 h - a ring of protection from cold (right tentacle)
 l - a ring of teleportation (left tentacle)
Scrolls
 e - a scroll of recharging
 j - 2 scrolls of identify
Potions
 k - a potion of heal wounds {unknown}
Comestibles
 f - 2 bread rations
 g - a meat ration
 i - a slice of pizza


   Skills:
 + Level 2.2 Fighting
 + Level 2.2 Short Blades
 - Level 2.2 Throwing
 + Level 1.3 Dodging
 + Level 7.3 Stealth


You had 3 spell levels left.
You didn't know any spells.

Dungeon Overview and Level Annotations

Branches:
Dungeon (3/15)

Altars:

Annotations:
D:3 baldghoti's ghost, amateur GrMo


Innate Abilities, Weirdness & Mutations

You cannot wear most types of armour.
You are very stealthy in the water. (Stealth+)
You are amphibious.
You can wear up to eight rings at the same time.
You can use your tentacles to constrict eight enemies at once.
Your skin changes colour to match your surroundings (Stealth+).
Your rubbery body absorbs attacks. (AC +1, EV +1)
Your mind is acute. (Int +2)
Your flesh is cold resistant. (rC+)
You are frail. (-10% HP)
Your muscles are strong. (Str +2)
You evolve.
You expend magic power (3 MP) to strengthen your wands.


Message History

The leopard gecko is almost dead.
Baldghoti's ghost barely misses you. The leopard gecko bites you.
You hit baldghoti's ghost but do no damage.
You squeeze baldghoti's ghost, but do no damage.
The adder bites you. Baldghoti's ghost closely misses you.
The leopard gecko closely misses you.
You hit the leopard gecko.
You kill the leopard gecko!
The adder bites you but does no damage. Baldghoti's ghost barely misses you.
You hit the adder but do no damage. Your grab misses the adder.
The adder closely misses you. Baldghoti's ghost misses you.
The orc closely misses you. The adder bites you.
You are poisoned.
The adder poisons you!
You hit the adder. Your grab misses the adder. You squeeze the adder!
The adder is almost dead.
You feel sick. Baldghoti's ghost hits you.
* * * LOW HITPOINT WARNING * * *
The adder bites you.
You die...

.. ....#........#
#.........#.#......#
#......#....#......#
#......#.##.#.......
#...................
#...................
#...................
#..So...............
#.†@W......^...####.
#................[..
########.....)######
#......# #......#
........# #.......#
#.##..... #.###


You could see baldghoti's ghost, an adder and an orc.

Vanquished Creatures
  2 adders (D:2)
  An ooze (D:2)
  2 worms (D:2)
  2 dart slugs
  3 leopard geckos
  4 bats
  2 giant cockroaches
  6 goblins
  3 hobgoblins
  3 jackals (D:2)
  8 kobolds
  2 frilled lizards (D:1)
  6 rats
44 creatures vanquished.

Notes
Turn   | Place    | Note
-------+----------+-------------------------------------------
     0 | D:1      | Faca the Octopode Assassin began the quest for the Orb.
     0 | D:1      | Reached XP level 1. HP: 14/14 MP: 1/1
   203 | D:1      | Reached XP level 2. HP: 17/19 MP: 2/2
   274 | D:1      | Reached skill level 6 in Stealth
   541 | D:2      | Reached XP level 3. HP: 21/24 MP: 3/3
  1136 | D:2      | Gained mutation: Your flesh is cold resistant. (rC+) [potion of mutation]
  1136 | D:2      | Gained mutation: You expend magic power (3 MP) to strengthen your wands. [potion of mutation]
  1136 | D:2      | Gained mutation: You are frail. (-10% HP) [potion of mutation]
  1158 | D:2      | Reached skill level 7 in Stealth
  1166 | D:2      | Gained mutation: Your muscles are strong. (Str +2) [potion of mutation]
  1166 | D:2      | Gained mutation: Your mind is acute. (Int +2) [potion of mutation]
  1166 | D:2      | Gained mutation: You evolve. [potion of mutation]
  1237 | D:2      | Reached XP level 4. HP: 25/26 MP: 4/4
  1572 | D:3      | Noticed baldghoti's ghost (amateur GrMo)
  1605 | D:3      | HP: 1/26 [baldghoti's ghost (6)]
  1605 | D:3      | Slain by an adder

Vault maps used:
D:1:      lightli_arrival_isolated_outpost, moated_statue
D:2:      first_bread

Skill      XL: |  1  2  3 |
---------------+----------+-----
Stealth        | 6 7 |  7.3
Fighting       | |  2.2
Short Blades   | |  2.2
Throwing       | |  2.2
Dodging        | |  1.3

Action                   |  1- 3 |  4- 6 || total
-------------------------+-------+-------++-------
Melee: Dagger            |    52 |    23 ||    75
       Tentacles         |    12 |     4 ||    16
       Constrict         |    11 |     5 ||    16
  Use: Scroll            |     6 |     1 ||     7
       Potion            |     3 |       ||     3
 Stab: Sleeping          |    11 |     4 ||    15
       Distracted        |     1 |       ||     1
  Eat: Meat ration       |     1 |       ||     1
Armor: Skin              |     3 |     4 ||     7
Dodge: Dodged            |    21 |    16 ||    37
